 Dungeon Crawl Stone Soup version 0.28.0 (webtiles) character file.

Game seed: 6373096957590229025

178 cbfl8 the Sneak (level 5, 0/46 HPs)
             Began as a Minotaur Delver on Feb 7, 2022.
             Slain by Pikel (3 damage)
             ... on level 5 of the Dungeon.
             The game lasted 00:01:56 (1243 turns).

cbfl8 the Sneak (Minotaur Delver)                   Turns: 1243, Time: 00:01:56

Health: 0/46       AC:  5    Str: 18    XL:     5   Next: 32%
Magic:  4/4        EV: 11    Int:  7    God:
Gold:   30         SH:  0    Dex: 12    Spells: 4/4 levels left

rFire   . . .      SeeInvis .   a - +0 hand axe
rCold   . . .      Faith    .   (no shield)
rNeg    . . .      Spirit   .   j - +0 ring mail
rPois   .          Reflect  .   (helmet restricted)
rElec   .          Harm     .   (no cloak)
rCorr   .          Rampage  .   (no gloves)
Will    .....                   (no boots)
Stlth   ++........              (no amulet)
HPRegen 0.15/turn               (no ring)
MPRegen 0.09/turn               (no ring)

@: no status effects
A: horns 2, retaliatory headbutt
a: no special abilities


You were on level 5 of the Dungeon.
You visited 2 branches of the dungeon, and saw 2 of its levels.

You collected 30 gold pieces.

Inventory:

Hand Weapons
 a - a +0 hand axe (weapon)
Armour
 b - a +0 leather armour
 j - a +0 ring mail (worn)
Wands
 g - a wand of digging (3)
Scrolls
 c - a scroll of fog
 d - a scroll of magic mapping
 e - a scroll of fear
 h - a scroll of immolation {unknown}
Potions
 f - 2 potions of haste
 i - a potion of brilliance {unknown}


   Skills:
 + Level 4.3 Fighting
 + Level 2.8 Axes
 + Level 2.4 Armour
 + Level 2.3 Dodging
 + Level 5.5 Stealth


You had 4 spell levels left.
You didn't know any spells.
Your spell library was empty.

Dungeon Overview and Level Annotations

Branches:
Dungeon (5/15)             Temple (1/1) D:5

Altars:
Cheibriados
Dithmenos
Elyvilon
Fedhas
Gozag
Hepliaklqana
Kikubaaqudgha
Makhleb
Nemelex Xobeh
Ru
Sif Muna
Trog
Uskayaw
Vehumet
Wu Jian
Zin

Annotations:
D:5 Pikel


Innate Abilities, Weirdness & Mutations

You have a pair of horns on your head.
You reflexively headbutt those who attack you in melee.


Message History

The lemure is severely wounded.
The lemure hits you but does no damage. The lemure hits you.
You closely miss the lemure.
The lemure is severely wounded.
The lemure closely misses you.
You closely miss the lemure. You headbutt the lemure.
The lemure is severely wounded.
The lemure barely misses you.
You closely miss the lemure.
The lemure is severely wounded.
The lemure hits you.
You barely miss the lemure. You headbutt the lemure.
The lemure is almost dead.
The lemure closely misses you.
You hit the lemure.
You kill the lemure!
That felt strangely unrewarding.
You hit Pikel but do no damage.
Pikel hits you with a +0 whip of freezing.
Pikel freezes you. Pikel closely misses you.
You hit Pikel but do no damage. You headbutt Pikel.
Pikel is lightly wounded.
Pikel zaps a wand.
The puff of flame misses you.
You hit Pikel.
Pikel is lightly wounded.
Pikel hits you with a +0 whip of freezing!
Pikel freezes you.
You completely miss Pikel.
Pikel is lightly wounded.
Pikel closely misses you.
You hit Pikel.
Pikel is lightly wounded.
Pikel hits you with a +0 whip of freezing!
* * * LOW HITPOINT WARNING * * *
Pikel freezes you.
* * * LOW HITPOINT WARNING * * *
You hit Pikel.
Pikel is lightly wounded.
Pikel hits you with a +0 whip of freezing.
You die...

#############
...555K@....#
#.##############.#
#.#.. #.# ### #.#.#
#.# ..# #.#.# #.#
#.###.#.# #†#
#..##.#.# #.#
.#.##.#.############.#
.+.....>.............#


You could see Pikel and 3 lemures.

Vanquished Creatures
  A necrophage (D:5)
  A lemure (D:5)
  An iguana (Temple)
  An orc wizard (D:5)
  A hound skeleton (D:5)
  2 adders (D:5)
  2 ufetubi (D:5)
  3 orcs (D:5)
  A quokka (D:5)
13 creatures vanquished.

Notes
Turn   | Place    | Note
-------+----------+-------------------------------------------
     0 | D:5      | cbfl8 the Minotaur Delver began the quest for the Orb.
     0 | D:5      | Reached XP level 1. HP: 19/19 MP: 0/0
     9 | D:5      | Found a staircase to the Ecumenical Temple.
     9 | D:5      | Noticed an iguana
    15 | Temple   | Entered the Ecumenical Temple
    19 | Temple   | Killed an iguana
    20 | Temple   | Reached XP level 2. HP: 10/27 MP: 1/1
   477 | D:5      | Noticed a necrophage
   506 | D:5      | Killed a necrophage
   507 | D:5      | Reached skill level 1 in Armour
   507 | D:5      | Reached skill level 5 in Stealth
   507 | D:5      | Reached XP level 3. HP: 6/33 MP: 2/2
   507 | D:5      | Reached XP level 4. HP: 7/40 MP: 3/3
   980 | D:5      | Reached XP level 5. HP: 38/46 MP: 4/4
  1226 | D:5      | Noticed a lemure
  1227 | D:5      | Noticed a lemure
  1228 | D:5      | Noticed a lemure
  1228 | D:5      | Noticed Pikel
  1229 | D:5      | Noticed a lemure
  1237 | D:5      | Killed a lemure
  1243 | D:5      | Slain by Pikel

Illustrated notes

Levels and vault maps discovered:
D:5:      layout_basic, temple_green, uniq_menkaure, uniq_pikel,
          uniq_crazy_yiuf_cottage
Temple:   lightli_temple_of_artemis

Skill      XL: |  1  2  3  4  5 |
---------------+----------------+-----
Fighting       | 4 |  4.3
Armour         | 1 2 |  2.4
Stealth        | 5 |  5.5
Axes           | |  2.8
Dodging        | |  2.3

Action                   |  1- 3 |  4- 6 || total
-------------------------+-------+-------++-------
Melee: Hand axe          |    14 |    36 ||    50
       Headbutt          |     6 |     6 ||    12
 Stab: Sleeping          |       |     3 ||     3
Armor: Leather armour    |     1 |     5 ||     6
       Ring mail         |       |     2 ||     2
Dodge: Dodged            |     5 |    20 ||    25
